Map: Tours du crépuscule

Players

Worming

  • Race: Zerg Zerg
  • League: Diamond

VitamiN - Winner!

  • Race: Zerg Zerg
  • League: Diamond

VOD

Have the link to the VOD?

Description

Time

  • Played on: Nov. 15, 2015, 2:15 p.m.
  • Length: 12:47
Show
View Real Time Build Order
Export as new Build Order

Worming Zerg 

Build Orders: Hatch First, Lurkers 

Get SALT Encoding   

  12  0:04  Drone  
  13  0:12  Overlord  
  13  0:17  Drone  
  14  0:31  Drone x2  
  16  0:36  Drone  
  17  0:56  Drone  
  18  0:58  Hatchery  
  18  1:02  Drone, Extractor  
  17  1:14  Spawning Pool  
  17  1:17  Drone  
  17  1:20  Drone  
  18  1:30  Drone  
  19  1:40  Drone  
  20  1:51  Drone  
  21  2:02  Overlord  
  21  2:10  Queen, Metabolic Boost  
  21  2:11  Queen  
  21  2:12  Zergling x2  
  21  2:14  Drone  
  27  2:25  Baneling Nest  
  27  2:26  Drone x2  
  28  2:32  Drone  
  30  2:44  Drone x2  
  30  2:47  Queen  
  30  2:50  Overlord  
  33  3:05  Drone x3  
  35  3:21  Drone x5  
  35  3:22  Drone x3  
  43  3:27  Lair  
  43  3:30  Evolution Chamber  
  43  3:34  Zergling x4, Extractor x2  
  42  3:41  Roach Warren  
  42  3:44  Overlord  
  41  3:52  Drone x2  
  41  3:53  Drone  
  44  3:57  Overlord  
  44  4:02  Zerg Missile Weapons Level 1  
  44  4:12  Zergling x4  
  44  4:13  Zergling x8  
  50  4:21  Overlord x2  
  50  4:22  Drone x2  
  51  4:35  Baneling  
  51  4:36  Baneling x2  
  51  4:39  Roach  
  51  4:40  Roach x4, Glial Reconstitution  
  61  4:47  Overlord  
  60  5:14  Roach x2  
  60  5:15  Roach x6  
  60  5:20  Baneling  
  60  5:21  Baneling x4  
  74  5:23  Drone  
  75  5:29  Roach x2, Hatchery  
  75  5:32  Overseer  
  78  5:43  Drone  
  78  5:44  Drone x2  
  78  5:59  Zerg Missile Weapons Level 2  
  78  6:01  Roach x2  
  78  6:02  Overlord x2  
  79  6:23  Roach x9  
  73  6:35  Roach x3  
  79  6:43  Spine Crawler x2  
  79  6:44  Spine Crawler  
  76  6:49  Roach x4  
  76  6:50  Roach  
  86  6:58  Roach x3  
  92  7:10  Drone x6  
  100  7:23  Ravager x3  
  100  7:24  Roach  
  100  7:25  Zergling x6  
  106  7:44  Roach  
  106  7:46  Overlord x3  
  106  7:57  Overlord x3  
  106  7:58  Overlord  
  106  8:00  Hydralisk Den  
  100  8:20  Drone x15  
  100  8:23  Extractor  
  100  8:25  Zerg Ground Armor Level 1  
  100  8:26  Spine Crawler x2  
  112  8:28  Extractor  
  112  8:29  Lurker Den  
  112  8:31  Drone x2  
  112  8:33  Drone  
  114  8:39  Drone x3, Extractor  
  116  8:44  Overlord  
  116  8:51  Ravager x3  
  119  9:06  Overlord  
  119  9:09  Overseer  
  115  9:31  Hydralisk x9  
  92  9:33  Roach  
  92  9:35  Roach x10  
  112  9:57  Lurker  
  112  9:58  Lurker x2  
  116  10:07  Lurker  
  116  10:10  Zergling x2  
  116  10:11  Zergling x26  
  130  10:33  Pneumatized Carapace  
  130  10:34  Hatchery  
  129  10:36  Roach  
  129  10:37  Roach x3  
  129  10:38  Overlord x4  
  114  10:53  Roach  
  114  10:54  Roach x11  
  107  11:03  Queen x2  
  108  11:11  Roach  
  108  11:12  Roach x5  
  108  11:14  Ravager x4  
  124  11:29  Zergling x2  
  125  11:34  Hydralisk x6  
  135  11:54  Overlord  
  135  11:55  Overlord  
  134  12:02  Roach  
  134  12:03  Roach x8  
  149  12:18  Roach, Hydralisk x3  
  149  12:19  Roach x3  
Show
View Real Time Build Order
Export as new Build Order

VitamiN Zerg - Winner!

Build Orders: Hatch First 

Get SALT Encoding   

  12  0:01  Drone  
  13  0:13  Overlord  
  13  0:20  Drone  
  14  0:34  Drone x2  
  16  0:38  Drone  
  17  0:55  Hatchery  
  16  1:00  Drone  
  16  1:01  Drone  
  18  1:10  Drone, Extractor  
  18  1:22  Spawning Pool  
  18  1:24  Drone  
  18  1:32  Overlord  
  18  1:40  Drone  
  19  2:09  Queen  
  19  2:10  Zergling x4  
  19  2:11  Queen  
  19  2:15  Drone x2  
  27  2:17  Metabolic Boost  
  27  2:19  Drone  
  28  2:31  Drone x2  
  28  2:34  Overlord  
  30  2:45  Queen  
  30  2:46  Baneling Nest  
  30  2:51  Drone x2  
  33  3:01  Drone x3  
  36  3:08  Overlord  
  35  3:29  Drone  
  35  3:31  Drone x5  
  35  3:32  Drone  
  42  3:37  Overlord  
  42  3:38  Hatchery  
  41  3:45  Drone x2  
  43  3:58  Roach Warren  
  43  3:59  Evolution Chamber  
  43  4:00  Drone x2  
  43  4:04  Extractor  
  43  4:06  Extractor  
  43  4:07  Drone x3  
  43  4:09  Drone  
  46  4:10  Drone x2  
  47  4:20  Zergling x2  
  48  4:26  Zergling x2  
  48  4:27  Zergling x8  
  53  4:33  Overlord  
  53  4:36  Lair  
  53  4:37  Zerg Missile Weapons Level 1  
  53  4:42  Roach x3  
  59  4:46  Overlord  
  59  4:55  Roach x2  
  61  5:10  Roach x2  
  61  5:12  Queen  
  61  5:14  Overlord x3  
  66  5:22  Drone  
  66  5:23  Drone x4  
  71  5:30  Roach x2  
  75  5:50  Overseer  
  75  5:54  Roach x11  
  91  6:01  Glial Reconstitution  
  91  6:17  Roach x5  
  91  6:18  Roach  
  100  6:32  Extractor  
  97  6:33  Drone  
  97  6:34  Drone x6  
  97  6:37  Extractor  
  97  6:38  Extractor  
  102  6:40  Zerg Missile Weapons Level 2  
  102  6:42  Overlord x2  
  102  6:43  Overlord x2  
  102  6:59  Drone x3  
  105  7:02  Drone x4  
  105  7:03  Drone x2  
  111  7:10  Roach  
  111  7:11  Roach x6  
  125  7:20  Roach x3  
  131  7:31  Overlord x5  
  131  7:40  Ravager x4  
  121  7:45  Roach x4  
  121  7:46  Roach x3  
  129  7:52  Hatchery  
  129  7:56  Roach  
  129  7:57  Roach x5  
  140  8:17  Roach  
  140  8:18  Roach x6  
  148  8:28  Ravager x2  
  148  8:32  Overlord  
  150  8:36  Overlord x2  
  150  8:38  Roach x4  
  158  8:45  Hatchery  
  158  8:47  Ravager  
  158  8:56  Zerg Ground Armor Level 1  
  158  9:03  Roach  
  158  9:04  Roach x10  
  158  9:09  Overlord x2  
  167  9:31  Roach  
  167  9:32  Roach x9  
  183  9:40  Overlord x2  
  183  9:47  Ravager x3  
  186  9:53  Hydralisk Den  
  185  10:11  Ravager x2  
  185  10:13  Roach x6  
  199  10:22  Lurker Den  
  199  10:32  Extractor  
  198  10:38  Roach  
  137  11:00  Overseer x3  
  137  11:03  Roach x18  
  137  11:04  Roach x6  
  175  11:11  Burrow  
  175  11:27  Roach x2  
  175  11:28  Roach x2  
  183  11:33  Extractor  
  183  11:38  Hatchery  
  181  11:41  Ravager x3  
  181  11:42  Ravager  
  185  11:57  Pneumatized Carapace  
  176  12:13  Drone x3  
  176  12:14  Drone  
Tags
 
Add a new tag
Caveats
  • Supply blocks, unpowered buildings, or Contaminate may cause inaccurate times.
  • Supply counts are checked every 10 seconds.